 Dungeon Crawl Stone Soup version 0.31.0-32-g396128a36d (webtiles) character file.

Game seed: 5305838611490386715

37864 monsoonserge the Carver (level 13, -1/95 HPs)
             Began as an Octopode Artificer on Apr 7, 2024.
             Was an Initiate of Gozag.
             Slain by a skeletal warrior
             ... wielding a +0 war axe of freezing
              (4 damage)
             ... on level 11 of the Dungeon.
             The game lasted 01:11:18 (15235 turns).

monsoonserge the Carver (Octopode Artificer)       Turns: 15235, Time: 01:11:19

Health: -1/95      AC:  8    Str: 13    XL:     13   Next: 99%
Magic:  0/17       EV: 26    Int: 15    God:    Gozag
Gold:   775        SH: 12    Dex: 29    Spells: 15/18 levels left

rFire   . . .        a - +9 war axe of Lobuz {flame, rElec rN+ Dex+3}
rCold   . . .        U - +1 kite shield {AC+3}
rNeg    + . .        (helmet restricted)
rPois   .            I - amulet of guardian spirit
rElec   +            i - +4 ring of protection
rCorr   +            t - +6 ring of dexterity
SInv    +            v - +5 ring of evasion
Will    .....        A - ring of see invisible
Stlth   ++++++       L - ring of resist corrosion
HPRegen 0.35/turn    R - +6 ring of dexterity
MPRegen 0.15/turn    (no ring)
                     (no ring)

%: guardian spirit
@: studying Polearms
A: almost no armour, amphibious, 8 rings, camouflage 1, gelatinous body 1,
(nimble swimmer 1), tentacles
a: Renounce Religion, Potion Petition, Call Merchant, Bribe Branch


You were on level 11 of the Dungeon.
You worshipped Gozag.
Gozag was pleased with you.
You visited 3 branches of the dungeon, and saw 17 of its levels.
You also visited: Bailey.

You collected 2765 gold pieces.
You spent 266 gold pieces at shops.
You paid 1724 gold pieces to Gozag.

Inventory:

Hand Weapons
 a - the +9 war axe of Lobuz (weapon) {flame, rElec rN+ Dex+3}
   (You found it on level 9 of the Dungeon)

   Dex+3:     It affects your dexterity (+3).
   rElec:     It insulates you from electricity.
   rN+:       It protects you from negative energy.
 p - the +6 great sword of Risk Management {protect, Str+7}
   (You found it on level 4 of the Dungeon)

   Str+7:     It affects your strength (+7).
Missiles
 n - 32 poisoned darts (quivered)
 H - 15 boomerangs
 T - 3 curare-tipped darts
 V - 2 darts of dispersal
 Y - 7 javelins
Armour
 U - a +1 kite shield of protection (worn)
Jewellery
 i - a +4 ring of protection (left tentacle)
 q - an amulet of reflection
 t - a +6 ring of dexterity (right tentacle)
 u - a ring of ice
 v - a +5 ring of evasion (on tentacle)
 A - a ring of see invisible (on tentacle)
 I - an amulet of guardian spirit (around mantle)
 L - a ring of resist corrosion (on tentacle)
 Q - a ring of fire
 R - a +6 ring of dexterity (on tentacle)
Wands
 b - a wand of flame (45)
 c - a wand of charming (41)
 d - a wand of iceblast (8)
 G - a wand of mindburst (1)
 O - a wand of polymorph (5)
 S - a wand of digging (1)
Scrolls
 e - a scroll of brand weapon
 f - 3 scrolls of poison
 h - 5 scrolls of enchant weapon {unknown}
 j - 4 scrolls of teleportation
 l - a scroll of amnesia
 o - a scroll of immolation
 r - a scroll of blinking
 w - 3 scrolls of fear
 y - 5 scrolls of revelation
 D - a scroll of fog {unknown}
 J - a scroll of torment {unknown}
 N - 2 scrolls of vulnerability {unknown}
 W - a scroll of butterflies {unknown}
 Z - a scroll of enchant armour {unknown}
Potions
 g - 4 potions of curing
 k - 3 potions of berserk rage {unknown}
 m - a potion of invisibility
 s - 2 potions of cancellation
 x - 5 potions of haste
 z - a potion of lignification {unknown}
 B - 4 potions of magic
 C - 4 potions of mutation
 E - a potion of attraction {unknown}
 F - 2 potions of enlightenment
 K - 2 potions of heal wounds
 M - a potion of resistance {unknown}
 P - 2 potions of brilliance
 X - a potion of might


   Skills:
 - Level 11.1 Fighting
 - Level 1.0(7.6) Short Blades
 - Level 11.9 Long Blades
 - Level 2.7(3.4) Axes
 * Level 3.2(3.7) Polearms
 - Level 4.5 Throwing
 - Level 10.0 Dodging
 - Level 10.8 Stealth
 + Level 1.3 Shields
 - Level 6.6 Unarmed Combat
 - Level 3.0 Spellcasting
 - Level 4.0 Conjurations
 - Level 4.1 Air Magic
 - Level 5.0 Alchemy
 - Level 5.7 Evocations


You had 15 spell levels left.
You knew the following spells:

 Your Spells              Type           Power      Damage    Failure   Level
a - Mephitic Cloud        Conj/Alch/Air  15%        N/A       36%         3

Your spell library contained the following spells:

 Spells                   Type           Power      Damage    Failure   Level
 Mercury Vapours          Alch/Air       30%        N/A       19%         2
 Static Discharge         Conj/Air       28%        3-5/arc   22%         2
 Kiss of Death            Conj/Necr      32%        2d7       34%         1
 Summon Small Mammal      Summ           8%         N/A       61%         1
 Dazzling Flash           Conj/Hex       16%        N/A       71%         3
 Call Imp                 Summ           4%         N/A       75%         2
 Sublimation of Blood     Necr           2%         N/A       75%         2
 Airstrike                Air            7%         2d(1-17)  82%         4
 Call Canine Familiar     Summ           2%         N/A       93%         3
 Confusing Touch          Hex            2%         N/A       93%         3
 Sigil of Binding         Hex            2%         N/A       93%         3
 Summon Lightning Spire   Summ/Air       8%         N/A       98%         4
 Dimensional Bullseye     Hex/Tloc       1%         N/A       100%        4
 Dispel Undead            Necr           2%         3d7       100%        4
 Summon Blazeheart Golem  Fire/Summ      2%         N/A       100%        4
 Curse of Agony           Necr           2%         N/A       100%        5
 Freezing Cloud           Conj/Ice/Air   5%         6-21      100%        5
 Silence                  Hex/Air        4%         N/A       100%        5
 Summon Hydra             Summ           1%         N/A       100%        7


Dungeon Overview and Level Annotations

Branches:
Dungeon (12/15)            Temple (1/1) D:7            Lair (4/5) D:9
 Shoals (0/4) Lair:2        Snake (0/4) Lair:3          Orc (0/2) D:10
 Bailey (visited)
  Slime: Lair:4-5

Altars:
Ashenzari
Cheibriados
Dithmenos
Elyvilon
Fedhas
Gozag
Hepliaklqana
Kikubaaqudgha
Makhleb
Nemelex Xobeh
Okawaru
Qazlal
Ru
Sif Muna
Trog
Uskayaw
Vehumet
Wu Jian
Xom
Yredelemnul
Zin
The Shining One

Shops:
D:9 *=

Annotations:
D:8 3 runed translucent doors
D:12 3 runed translucent doors


Innate Abilities, Weirdness & Mutations

You cannot wear most types of armour.
You are amphibious.
You can wear up to eight rings at the same time.
Your skin changes colour to match your surroundings (Stealth+).
Your rubbery body absorbs attacks. (AC +1, EV +1)
((You are camouflaged when in or above water. (Stealth+)))
You have tentacles for arms and can constrict up to eight enemies at once.


Message History

You hit the skeletal warrior but do no damage.
You grab the skeletal warrior.
You squeeze the skeletal warrior, but do no damage.
You constrict the skeletal warrior.
The skeletal warrior struggles to escape constriction.
You slice the skeletal warrior!! You burn the skeletal warrior.
You squeeze the skeletal warrior, but do no damage.
The skeletal warrior is moderately damaged.
You constrict the skeletal warrior.
The skeletal warrior hits you with a +0 war axe of freezing!
The skeletal warrior freezes you.
The skeletal warrior escapes!
You completely miss the skeletal warrior.
You grab the skeletal warrior. You squeeze the skeletal warrior.
The skeletal warrior is heavily damaged.
You constrict the skeletal warrior, but do no damage.
You block the skeletal warrior's attack.
The skeletal warrior closely misses you.
The skeletal warrior hits you with a +0 war axe of freezing!
The skeletal warrior freezes you.
You hit the skeletal warrior but do no damage.
You squeeze the skeletal warrior, but do no damage.
The skeletal warrior is heavily damaged.
You barely miss the skeletal warrior.
You constrict the skeletal warrior, but do no damage.
The skeletal warrior misses you.
The skeletal warrior completely misses you.
You slash the skeletal warrior! You burn the skeletal warrior.
You grab the skeletal warrior.
The skeletal warrior is almost destroyed.
You hit the skeletal warrior but do no damage.
You constrict the skeletal warrior. x2
The skeletal warrior hits you with a +0 broad axe!!
* * * LOW HITPOINT WARNING * * *
The skeletal warrior closely misses you.
You block the skeletal warrior's attack.
The skeletal warrior hits you with a +0 war axe of freezing!
* * * LOW HITPOINT WARNING * * *
The skeletal warrior freezes you.
You die...
Your body crumbles into a pile of gold.

.....#.............. #.##.#.####
.....#.............. #.##.#.....
#....#z........... #....#.....
.....#..^.?....###### #....#>####
.....#.........#....# #...##.#
.....#.........#..#.# #.#.#..#
##...#........z#..#.# #.#.#..#
##...#........zzz.#.# #.#.'..#
.....##.########@...###...#######
..##### #.......#### #.... ..#
#.....).# #.... ..# #.##..#.#
#.#..
..##############.......######....
...........................).....
#.......#..#...#.>##..#...#..#..#
.................................
#################################


You could see 4 skeletal warriors.

Vanquished Creatures
  An orc warlord (Bailey)
  2 two-headed ogres (D:10)
  2 boulder beetles
  8 death yaks
  Urug (D:11)
  Nergalle (Lair:1)
  Sonja (D:10)
  A skyshark (Lair:3)
  The ghost of Tripartite the Basher, a novice GnWn (D:7)
  A skeletal warrior (D:11)
  A deep troll (Lair:2)
  A deep elf pyromancer (D:12)
  An oklob plant (Lair:3)
  A salamander (Lair:3)
  2 manticores (D:12)
  2 black mambas
  13 cane toads
  2 unseen horrors
  An unseen horror zombie (D:9)
  A rime drake (Lair:3)
  A gargoyle (D:11)
  3 kobold demonologists (D:11)
  4 komodo dragons
  Psyche (D:9)
  A hornet (D:9)
  A polar bear (Lair:2)
  A troll (D:9)
  Prince Ribbit (D:9)
  5 blink frogs
  A snapping turtle (Lair:2)
  2 slime creatures (D:12)
  Sigmund (D:6)
  A vampire (D:9)
  19 yaks
  A shadow (D:10)
  7 wyverns
  A water elemental (Lair:2)
  3 basilisks
  3 steam dragons
  3 vampire mosquitoes (D:10)
  An acid dragon (D:9)
  8 water moccasins
  10 orc warriors
  A sky beast (D:5)
  2 ice beasts
  A black bear (Lair:3)
  12 wolves
  6 centaurs
  A phantom (D:5)
  A kobold brigand (D:8)
  11 bullfrogs
  A scorpion (D:4)
  A gnoll sergeant (D:9)
  3 wights (D:9)
  4 killer bees (D:11)
  A howler monkey (D:9)
  2 centaur zombies (D:9)
  3 lava snakes (Lair:3)
  A bombardier beetle (D:4)
  A hound (D:5)
  2 jellies
  A gnoll bouda (D:4)
  3 orc priests
  3 sleepcaps (D:6)
  An orc wizard (D:10)
  5 hell rats (Lair:3)
  A howler monkey zombie (D:9)
  9 gnolls
  4 adders
  2 ufetubi (D:7)
  7 dart slugs
  A ribbon worm (D:3)
  20 orcs
  4 endoplasms
  4 giant cockroaches
  7 goblins
  14 hobgoblins
  3 jackals (D:4)
  2 quokkas
  4 ball pythons
  5 bats
  A frilled lizard (D:1)
  20 kobolds
  A rat (D:2)
299 creatures vanquished.

Notes
Turn   | Place    | Note
-------+----------+-------------------------------------------
     0 | D:1      | monsoonserge the Octopode Artificer began the quest for the
                  | Orb.
     0 | D:1      | Reached XP level 1. HP: 13/13 MP: 1/1
   178 | D:1      | Reached skill level 1 in Unarmed Combat
   211 | D:1      | Reached XP level 2. HP: 17/18 MP: 2/2
   537 | D:1      | Reached XP level 3. HP: 12/23 MP: 3/3
  1155 | D:2      | You fall into a shaft and drop 2 floors!
  1165 | D:4      | Noticed a scorpion
  1361 | D:2      | Reached skill level 1 in Short Blades
  1361 | D:2      | Reached XP level 4. HP: 18/28 MP: 4/4
  1764 | D:3      | Found a hazy altar of Hepliaklqana.
  1803 | D:3      | Found a radiant altar of Vehumet.
  1841 | D:3      | Found a shimmering altar of Xom.
  2095 | D:3      | Found a shimmering blue altar of Sif Muna.
  2329 | D:4      | Reached skill level 1 in Axes
  2390 | D:4      | Reached XP level 5. HP: 25/33 MP: 5/5
  2590 | D:4      | Identified the +6 great sword of Risk Management {protect,
                  | Str+7}
  2597 | D:4      | Reached XP level 6. HP: 38/38 MP: 6/6
  3110 | D:5      | Entered Level 5 of the Dungeon
  3167 | D:5      | Reached skill level 1 in Throwing
  3180 | D:5      | Noticed a sky beast
  3183 | D:5      | Killed a sky beast
  3184 | D:5      | Reached skill level 1 in Long Blades
  3184 | D:5      | Reached skill level 5 in Unarmed Combat
  3296 | D:5      | Noticed an ice beast
  3297 | D:5      | Reached XP level 7. HP: 31/43 MP: 7/7
  3382 | D:5      | Found an iron altar of Okawaru.
  3385 | D:5      | Found an ornate altar of the Wu Jian Council.
  3570 | D:6      | Found a glowing silver altar of Zin.
  3650 | D:6      | Noticed Sigmund
  3714 | D:6      | Found a sparkling altar of Nemelex Xobeh.
  3815 | D:7      | Noticed a fire elemental
  3816 | D:7      | Found a stormy altar of Qazlal.
  3818 | D:7      | Noticed an air elemental
  3818 | D:7      | Noticed a water elemental
  3934 | D:7      | Found a blossoming altar of Fedhas.
  3992 | D:7      | Noticed an unseen horror
  3997 | D:7      | Killed an unseen horror
  3998 | D:7      | Reached XP level 8. HP: 49/49 MP: 8/8
  4144 | D:7      | Found a staircase to the Ecumenical Temple.
  4153 | Temple   | Entered the Ecumenical Temple
  4159 | Temple   | Became a worshipper of Gozag Ym Sagoz the Greedy
  4280 | D:7      | Found an ancient bone altar of Kikubaaqudgha.
  4343 | D:7      | Reached skill level 5 in Long Blades
  4367 | D:7      | Found a runed translucent door.
  4367 | D:7      | Noticed Tripartite's ghost (novice GnWn)
  5068 | D:8      | Noticed a wyvern
  5076 | D:8      | Killed a wyvern
  5276 | D:8      | Found a runed translucent gate.
  5277 | D:8      | Found a runed translucent gate.
  5277 | D:8      | Found a runed translucent gate.
  5278 | D:8      | Noticed a green ugly thing
  5278 | D:8      | Noticed a purple ugly thing
  5279 | D:8      | Noticed a cyan ugly thing
  5279 | D:8      | Noticed a white ugly thing
  5296 | D:8      | Reached XP level 9. HP: 37/55 MP: 9/9
  5704 | D:8      | Found a white marble altar of Elyvilon.
  5768 | D:8      | Found a basalt altar of Yredelemnul.
  6025 | D:9      | Found a flagged portal.
  6043 | D:9      | Noticed Prince Ribbit
  6160 | Bailey   | Entered a bailey
  6212 | Bailey   | Noticed an orc warlord
  6377 | Bailey   | Found a runed translucent gate.
  6377 | Bailey   | Found a runed translucent gate.
  6399 | Bailey   | Found a runed translucent gate.
  6421 | Bailey   | Reached skill level 1 in Spellcasting
  6536 | Bailey   | Killed an orc warlord
  6537 | Bailey   | Reached skill level 5 in Stealth
  6537 | Bailey   | Reached XP level 10. HP: 30/63 MP: 6/13
  6702 | Bailey   | Reached skill level 10 in Long Blades
  6702 | Bailey   | Reached XP level 11. HP: 75/75 MP: 14/14
  6743 | D:9      | Noticed Psyche
  6773 | D:9      | Killed Prince Ribbit
  6777 | D:9      | Identified the +9 war axe of Lobuz {flame, rElec rN+ Dex+3}
  6859 | D:9      | Reached skill level 5 in Evocations
  7090 | D:9      | Found a staircase to the Lair.
  7503 | D:10     | Entered Level 10 of the Dungeon
  7525 | D:10     | Noticed Sonja
  7580 | D:9      | Learned a level 3 spell: Mephitic Cloud
  7727 | D:9      | Reached skill level 1 in Air Magic
  7727 | D:9      | Reached skill level 1 in Alchemy
  7728 | D:9      | Reached skill level 1 in Conjurations
  7816 | D:9      | Killed Psyche
  7924 | D:6      | Killed Sigmund
  8269 | Lair:1   | Entered Level 1 of the Lair of Beasts
  8395 | D:9      | Bought a potion of might for 52 gold pieces
  8860 | Lair:1   | Noticed Nergalle
  8872 | Lair:1   | Killed Nergalle
  8873 | Lair:1   | Reached XP level 12. HP: 59/84 MP: 15/15
  9152 | Lair:2   | Noticed a death yak
  9152 | Lair:2   | Noticed a death yak
  9153 | Lair:2   | Noticed a death yak
  9199 | Lair:2   | Found a staircase to the Shoals.
  9847 | Lair:2   | Noticed a death yak
  9849 | Lair:2   | Noticed a death yak
  9849 | Lair:2   | Noticed a death yak
 10053 | D:7      | Killed Tripartite's ghost
 10166 | D:10     | Killed Sonja
 10218 | D:10     | Noticed a two-headed ogre
 10224 | D:10     | Identified the +8 trident of Inquiry {heavy, Dex+3}
 10258 | D:10     | Killed a two-headed ogre
 10259 | D:10     | Reached skill level 5 in Alchemy
 10316 | D:10     | Noticed a boulder beetle
 10334 | D:10     | Killed a boulder beetle
 10485 | D:10     | Found a staircase to the Orcish Mines.
 10753 | D:10     | Reached XP level 13. HP: 54/90 MP: 12/17
 11650 | D:11     | Found a radiant altar of Vehumet.
 11691 | D:11     | Noticed Urug
 11724 | D:12     | Noticed a tengu reaver
 11724 | D:12     | Found a runed translucent gate.
 11901 | D:12     | Found a runed translucent gate.
 11901 | D:12     | Found a runed translucent gate.
 12240 | D:11     | Killed Urug
 12241 | D:11     | Reached skill level 10 in Fighting
 12601 | Lair:2   | Reached skill level 10 in Stealth
 14123 | Lair:3   | Identified the +0 scale mail of Autumn {Fly Int+3}
 14354 | Lair:3   | Reached skill level 10 in Dodging
 14487 | Lair:3   | Identified the +3 spear "Divijiniaj" {flame, rF+ rCorr
                  | Str+3 Dex-4}
 14645 | Lair:3   | Found a staircase to the Snake Pit.
 15001 | D:9      | Bought a +1 kite shield of protection for 214 gold pieces
 15148 | D:11     | Reached skill level 1 in Polearms
 15197 | D:11     | Reached skill level 1 in Shields
 15235 | D:11     | HP: 3/95 [skeletal warrior/+0 war axe of freezing (12)]
 15235 | D:11     | Slain by a skeletal warrior

Illustrated notes

Levels and vault maps discovered:
D:1:      dpeg_cavernosity, layout_basic
D:2:      layout_rooms, serial_aquarium, aquarium_bridge_square
          [aquarium_subvault_wall, aquarium_subvault_bridge,
          aquarium_subvault_wall, aquarium_subvault_bridge],
          aquarium_window_corner, aquarium_window_1, aquarium_window_fake,
          aquarium_window_1, aquarium_view_2b, aquarium_view_2e,
          aquarium_balcony_double_4, st_stairs_9, chequers_hall_statues_wall_a
D:3:      layout_loops_ring, mainiacjoe_overflow_six_doors_small,
          mainiacjoe_overflow_concentric_impassable,
          mainiacjoe_overflow_tiny_flanked, mainiacjoe_overflow_catwalk,
          solitary_fountain
D:4:      layout_cave_pods, nicolae_concentric_dashed_squares_mild
D:5:      layout_rooms, chequers_temple_overflow_statue_of_worship
D:6:      layout_rooms, zin_academy, nemelex_diamond_rough_becter, uniq_sigmund
D:7:      layout_loops_corners, nicolae_qazlal_style_of_elements,
          nicolae_kikubaaqudgha_miasma_corner, amcnicky_altar_gilded,
          minmay_temple_entry_glassed_door, gammafunk_ghost_grave, minivault_5
D:8:      layout_basic, kennysheep_ying_yang,
          ploomutoo_gammafunk_ghost_potion_laboratory, serial_bayou_crossing
D:9:      layout_irregular_city, erik_lair_dragon, enter_bailey_8,
          serial_undead, serial_undead_f, serial_undead_b, serial_undead_e,
          serial_undead_c, serial_undead_c, serial_undead_c,
          serial_bayou_pond_a, uniq_prince_ribbit1, uniq_psyche
D:10:     layout_big_octagon, david_orc_1_choice,
          hangedman_decor_diamond_cutter, uniq_sonja
D:11:     layout_stronghold, vehumet_altar_wand_db, uniq_urug
D:12:     layout_stronghold, gammafunk_ghost_split, dpeg_stationary_puzzle
Temple:   hellmonk_temple_rainy
Lair:1:   layout_misc_corridors, serial_bayou_pond_d, grunt_megastairs_2,
          infiniplex_staircase_pool, uniq_nergalle
Lair:2:   dreamdust_cave_troll, layout_chaotic_city, minmay_shoals_entry_hut,
          beast_lair_carwin_8, grunt_megastairs_4
Lair:3:   layout_loops_ring, nicolae_snake_entry_warm_welcome
Lair:4:   layout_loops_ring, dpeg_slime_entry_enclosed,
          maelrawn_ghost_gauntlet_escape, minivault_26, st_stairs_11,
          chequers_serial_rivers_micro_a, chequers_serial_rivers_micro_e,
          nicolae_lair_lakeside_cave

Skill      XL: |  1  2  3  4  5  6  7  8  9 10 11 12 13 |
---------------+----------------------------------------+-----
Unarmed Combat | 1 2 3 4 5 6 |  6.6
Short Blades   | 1 |  1.0
Axes           | 1 2 |  2.7
Throwing       | 1 2 4 |  4.5
Long Blades    | 2 4 6 8 10 11 | 11.9
Stealth        | 2 4 5 7 9 10 | 10.8
Fighting       | 2 3 7 8 9 11 | 11.1
Dodging        | 3 7 8 10 | 10.0
Evocations     | 4 5 |  5.7
Spellcasting   | 2 3 |  3.0
Air Magic      | 2 4 |  4.1
Alchemy        | 2 5 |  5.0
Conjurations   | 2 4 |  4.0
Polearms       | 3 |  3.2
Shields        | 1 |  1.3

Action                     |  1- 3 |  4- 6 |  7- 9 | 10-12 | 13-15 || total
---------------------------+-------+-------+-------+-------+-------++-------
  Melee: Dagger            |    49 |    17 |       |       |       ||    66
         Tentacles         |    22 |    17 |    25 |    74 |    72 ||   210
         Unarmed           |     3 |       |       |       |       ||     3
         Constrict         |    28 |    17 |    17 |    48 |    30 ||   140
         Whip              |    18 |       |       |       |       ||    18
         Hand axe          |    33 |       |       |       |       ||    33
         Punch             |     5 |     7 |     3 |    16 |    10 ||    41
         War axe           |       |    27 |       |       |    26 ||    53
         Great sword       |       |    20 |    90 |   254 |   183 ||   547
  Throw: Dart              |       |     7 |    20 |    13 |     2 ||    42
         Boomerang         |       |       |     1 |     3 |       ||     4
   Cast: Mephitic Cloud    |       |       |       |     1 |     2 ||     3
 Invoke: Call Merchant     |       |       |       |     1 |     1 ||     2
  Evoke: Wand              |       |       |    18 |     1 |     2 ||    21
    Use: Scroll            |       |       |     9 |     4 |     8 ||    21
         Potion            |       |       |     1 |     2 |     1 ||     4
   Stab: Sleeping          |     8 |     4 |     5 |    13 |     7 ||    37
         Distracted        |       |       |     1 |       |     4 ||     5
         Invisible         |       |       |     1 |       |       ||     1
         Confused          |       |       |       |     1 |     3 ||     4
 Armour: Skin              |    45 |    28 |    45 |   104 |    76 ||   298
  Dodge: Dodged            |    73 |    33 |    84 |   339 |   185 ||   714
  Block: Other             |       |     2 |    13 |       |       ||    15
         Reflection        |       |       |     1 |       |       ||     1
         Kite shield       |       |       |       |       |     7 ||     7
